 Dungeon Crawl Stone Soup version 0.19.1 (webtiles) character file.

60 nokickingpenguins the Shooter (level 3, -8/31 HPs)
             Began as a Centaur Hunter on Dec 17, 2016.
             Mangled by an ogre
             ... wielding a +0 giant club
              (19 damage)
             ... on level 3 of the Dungeon on Dec 18, 2016.
             The game lasted 00:15:53 (1993 turns).

nokickingpenguins the Shooter (Centaur Hunter)      Turns: 1993, Time: 00:15:53

Health: -8/31      AC:  7    Str: 14    XL:     3   Next: 82%
Magic:  3/3        EV:  7    Int: 10    God:
Gold:   70         SH:  0    Dex: 13    Spells: 0 memorised, 2 levels left

rFire  . . .     SeeInvis .     a - +1 dagger (drain)
rCold  . . .     Gourm    .     e - +0 scale mail
rNeg   . . .     Faith    .     (no shield)
rPois  .         Spirit   .     (no helmet)
rElec  .         Reflect  .     (no cloak)
rCorr  .         Harm     .     h - +0 pair of gloves
MR     .....                    (no barding)
Stlth  ..........               (no amulet)
                                (no ring)
                                u - +3 ring of dexterity

@: very quick
A: hooves 3, deformed body, speed 2, tough skin 3
a: no special abilities


You were on level 3 of the Dungeon.
You were not hungry.

You visited 1 branch of the dungeon, and saw 3 of its levels.

You collected 70 gold pieces.

Inventory:

Hand Weapons
 a - a +1 dagger of draining (weapon)
 b - a +1 shortbow
 m - a +0 short sword
Missiles
 d - 8 arrows
 s - 6 tomahawks (quivered)
Armour
 c - a +0 leather armour
 e - a +0 scale mail (worn)
 h - a +0 pair of gloves (worn)
Jewellery
 u - a +3 ring of dexterity (left hand)
Scrolls
 g - a scroll of enchant armour {unknown}
 j - 2 scrolls of amnesia
 k - a scroll of identify
 n - a scroll of enchant weapon {unknown}
 o - a scroll of magic mapping {unknown}
 p - a scroll of teleportation {unknown}
 t - a scroll of noise {unknown}
Potions
 i - a potion of flight {unknown}
 l - a potion of heal wounds {unknown}
 q - a potion of curing {unknown}
Comestibles
 f - 3 bread rations
 v - a chunk of flesh


   Skills:
 + Level 3.3 Fighting
 + Level 0.5 Short Blades
 - Level 6.0 Bows
 - Level 1.5 Dodging
 - Level 0.4 Stealth


You had 2 spell levels left.
You didn't know any spells.

Dungeon Overview and Level Annotations

Branches:
Dungeon (3/15)

Altars:

Annotations:
D:2 Sigmund


Innate Abilities, Weirdness & Mutations

You have hooves in place of feet.
Armour fits poorly on your strangely shaped body.
You cover ground very quickly.
You have extremely tough skin. (AC +3)


Message History

Press: ? - help, Shift-Dir - straight line, f/p - ogre
Aim: an ogre, wielding a giant club (heavily wounded)
You shoot an arrow. The arrow completely misses the ogre.
Firing (i - inventory. (,) - cycle):
d - 10 arrows (quivered)
Press: ? - help, Shift-Dir - straight line, f/p - ogre
Aim: an ogre, wielding a giant club (heavily wounded)
You shoot an arrow. The arrow barely misses the ogre.
Firing (i - inventory. (,) - cycle):
d - 9 arrows (quivered)
Press: ? - help, Shift-Dir - straight line, f/p - ogre
Aim: an ogre, wielding a giant club (heavily wounded)
You shoot an arrow. The arrow hits the ogre!
The ogre is severely wounded.
The orc hits you but does no damage. The ogre closely misses you.
The orc priest invokes the aid of Beogh against you.
Beogh smites you!
You sense an unholy aura.
a - a +1 dagger of draining (weapon)
The orc hits you but does no damage. The ogre hits you with a giant club!!
Ouch! That really hurt!
You die...

####.##.##...........
#(##..........#...
#(###########.####
#(# ...#.. #.#
##.##.. #.# #.##..
#.# #+##.≈ #O#######.
#.. #@ooKo.... #..
#####.g... #.. ...
### .


You could see an ogre, an orc priest, 2 orcs, a goblin and a kobold.

Vanquished Creatures
  2 adders (D:2)
  A dart slug (D:1)
  2 leopard geckos
  5 orcs (D:3)
  5 bats
  3 goblins (D:1)
  A hobgoblin (D:2)
  4 kobolds
  A quokka (D:2)
  2 ball pythons (D:1)
  2 frilled lizards
  7 rats
35 creatures vanquished.

Notes
Turn   | Place    | Note
-------+----------+-------------------------------------------
     0 | D:1      | nokickingpenguins the Centaur Hunter began the quest for the Orb.
     0 | D:1      | Reached XP level 1. HP: 17/17 MP: 1/1
    70 | D:1      | Reached XP level 2. HP: 12/24 MP: 2/2
   277 | D:1      | Reached skill level 6 in Bows
   797 | D:2      | Reached XP level 3. HP: 5/30 MP: 3/3
  1153 | D:2      | Noticed Sigmund
  1883 | D:3      | Noticed an ogre
  1993 | D:3      | Mangled by an ogre

Skill      XL: |  1  2  3 |
---------------+----------+-----
Bows           | 6 |  6.0
Fighting       | 3 |  3.3
Short Blades   | |  0.5
Dodging        | |  1.5
Stealth        | |  0.4

Action                   || total
-------------------------++-------
Melee: Short sword       ||    13
       Dagger            ||    41
       Kick              ||     5
       Shortbow          ||     1
 Fire: Shortbow          ||    55
  Use: Potion            ||     1
       Scroll            ||     5
  Eat: Chunk             ||     2
Armor: Leather armour    ||     2
       Scale mail        ||    41
Dodge: Dodged            ||    26
